 Dungeon Crawl Stone Soup version 0.31.0-11-ge490571c62 (webtiles) character file.

Game seed: 1784712275159623373

110 qw the Shooter (level 4, 0/22 HPs)
             Began as a Spriggan Hunter on Feb 3, 2024.
             Slain by an orc
             ... wielding a +0 flail
              (6 damage)
             ... on level 4 of the Dungeon.
             The game lasted 00:00:08 (2446 turns).

qw the Shooter (Spriggan Hunter)                    Turns: 2446, Time: 00:00:08

Health: 0/22       AC:  2    Str:  7    XL:     4   Next: 61%
Magic:  5/5        EV: 20    Int: 10    God:
Gold:   132        SH:  0    Dex: 20    Spells: 3/3 levels left

rFire   . . .        a - +0 shortbow
rCold   . . .        (shield currently unavailable)
rNeg    . . .        c - +0 robe
rPois   .            (helmet restricted)
rElec   .            (no cloak)
rCorr   .            (gloves unavailable)
SInv    +            (boots unavailable)
Will    .....        (no amulet)
Stlth   ++           (no ring)
HPRegen 0.23/turn    (no ring)
MPRegen 0.09/turn

%: no passive effects
@: very quick
A: very small, no large weapons, unfitting armour, see invisible, speed 3
a: no special abilities


You were on level 4 of the Dungeon.
You visited 1 branch of the dungeon, and saw 4 of its levels.

You collected 132 gold pieces.


Innate Abilities, Weirdness & Mutations

You are very small and have problems with some larger weapons.
You are too small for most types of armour.
You have supernaturally acute eyesight. (SInv)
You cover ground extremely quickly. (Speed+++)


   Skills:
 + Level 1.6 Fighting
 - Level 5.1 Ranged Weapons
 - Level 5.0 Dodging
 - Level 1.5 Stealth


You had 3 spell levels left.
You didn't know any spells.
Your spell library was empty.

Inventory:

Hand Weapons
 a - a +0 shortbow (weapon)
Armour
 c - a +0 robe (worn)
Scrolls
 f - a scroll of teleportation
Potions
 b - a potion of enlightenment {unknown}
 e - a potion of attraction {unknown}
 g - a potion of curing {unknown}

Dungeon Overview and Level Annotations

Branches:
Dungeon (4/15)
 Temple: D:4-7

Altars:

Annotations:
D:4 Dowan, Duvessa


Message History

Duvessa hits you with a +0 short sword.
You shoot an arrow. The arrow barely misses Duvessa.
Duvessa hits you with a +0 short sword.
You shoot an arrow. The arrow closely misses Duvessa.
Duvessa hits you with a +0 short sword. Duvessa misses you.
You shoot an arrow. The arrow closely misses Duvessa.
The arrow hits Dowan.
Dowan is moderately wounded.
Duvessa hits you with a +0 short sword!
2440 ||| READING 2 scrolls of teleportation.
As you read the scroll of teleportation, it crumbles to dust.
You feel strangely unstable.
Duvessa says, "Practise, practise, practise!
One day you'll be as good as me." Duvessa barely misses you.
2441 ||| DRINKING potion of heal wounds.
You feel much better. Duvessa barely misses you.
You shoot an arrow.
The arrow hits Duvessa but does no damage.
Duvessa is moderately wounded.
Duvessa hits you with a +0 short sword!
You shoot an arrow. The arrow hits Duvessa.
Duvessa is moderately wounded.
Duvessa hits you with a +0 short sword!
You shoot an arrow. The arrow hits Duvessa!
Duvessa is severely wounded.
Your surroundings suddenly seem different. 2 orcs come into view.
Found 18 gold pieces.
You shoot an arrow. The orc shouts!
The arrow hits the orc.
The orc is moderately wounded.
You hear a shout!
An orc comes into view. It is wielding a +0 club.
You shoot an arrow.
The arrow hits the orc but does no damage.
The orc is moderately wounded.
You hear a shout!
The orc hits you with a +0 flail.
You die...

..$ #.. #..
###.. .... #..
#..####.###
#..@oo.....
......o###.....
..####. ..# ..
. ##. ##


You could see 3 orcs.

Vanquished Creatures
  A bombardier beetle (D:3)
  2 adders
  3 dart slugs (D:3)
  A ribbon worm (D:2)
  4 ball pythons
  6 endoplasms
  2 giant cockroaches
  2 hobgoblins (D:3)
  5 quokkas
  A bat (D:2)
  4 frilled lizards
  7 goblins
  8 kobolds
  9 rats
55 creatures vanquished.

Notes
Turn   | Place    | Note
-------+----------+-------------------------------------------
     0 | D:1      | qw the Spriggan Hunter began the quest for the Orb.
     0 | D:1      | Reached XP level 1. HP: 10/10 MP: 2/2
     0 | D:1      | 0 ||| qw: Version: 0.3-a-157-g843a77d
     0 | D:1      | 0 ||| qw: Game counter: 3940
     0 | D:1      | 0 ||| qw: Melee chars always use a shield: true
     0 | D:1      | 0 ||| qw: God list: Okawaru
     0 | D:1      | 0 ||| qw: Allow faded altars: false
     0 | D:1      | 0 ||| qw: Do Orc after clearing Dungeon:15 true
     0 | D:1      | 0 ||| qw: Do second Lair branch before Depths: true
     0 | D:1      | 0 ||| qw: Lair rune preference: random
     0 | D:1      | 0 ||| qw: Goals: Normal
     0 | D:1      | 0 ||| PLANNING D:1-11
     7 | D:1      | Reached skill level 3 in Dodging
   245 | D:1      | Reached XP level 2. HP: 14/14 MP: 3/3
   801 | D:1      | 801 ||| READING scroll labelled BEEQUE GOGRID.
   801 | D:1      | 801 ||| IDENTIFYING inky potion
   802 | D:1      | 802 ||| DROPPING scroll of butterflies.
  1243 | D:2      | Reached XP level 3. HP: 18/18 MP: 4/4
  1595 | D:2      | Found a faded altar of an unknown god.
  1757 | D:2      | 1757 ||| READING scroll labelled PARHOU ZU ISEDGH.
  1758 | D:2      | 1758 ||| READING 2 scrolls labelled WIOLYRROTO.
  1834 | D:3      | 1834 ||| FLEEEEING.
  1934 | D:3      | Reached XP level 4. HP: 22/22 MP: 5/5
  2423 | D:4      | Noticed Dowan
  2423 | D:4      | Noticed Duvessa
  2426 | D:4      | 2426 ||| RETREEEEATING.
  2428 | D:4      | 2428 ||| RETREEEEATING.
  2439 | D:4      | HP: 4/22 [Duvessa/+0 short sword (7)]
  2440 | D:4      | 2440 ||| READING 2 scrolls of teleportation.
  2441 | D:4      | 2441 ||| DRINKING potion of heal wounds.
  2446 | D:4      | Slain by an orc

Levels and vault maps discovered:
D:1:      eino_arrival_cavern_d, layout_basic
D:2:      layout_loops_corners, hellmonk_ecumenical_altar_leap_of_faith
D:3:      layout_rooms, lexackson_kobold_supper
D:4:      layout_loops_ring, lemuel_doored_altar, uniq_menkaure, uniq_duvessa

Skill      XL: |  1  2  3  4 |
---------------+-------------+-----
Dodging        | 3 4 5 |  5.0
Ranged Weapons | 5 |  5.1
Fighting       | |  1.6
Stealth        | |  1.5

Action                     |  1- 3 |  4- 6 || total
---------------------------+-------+-------++-------
   Fire: Shortbow          |   117 |    47 ||   164
    Use: Scroll            |     3 |     1 ||     4
         Potion            |       |     1 ||     1
 Armour: Robe              |    10 |     8 ||    18
  Dodge: Dodged            |    28 |     8 ||    36

Table legend:
 A = Non-vault XP
 B = Vault XP
 C = Vault XP percentage of total XP
 D = Non-vault monster count
 E = Vault monster count
 F = Vault count percentage of total count
                 A         B        C        D         E       F
            +---------+---------+-------+---------+---------+-------
      Total |     148 |      10 |   6.3 |      47 |       8 |  14.5
            +---------+---------+-------+---------+---------+-------
        D:1 |      26 |       0 |   0.0 |      17 |       0 |   0.0
        D:2 |      35 |       0 |   0.0 |      13 |       0 |   0.0
        D:3 |      87 |      10 |  10.3 |      17 |       8 |  32.0
            +---------+---------+-------+---------+---------+-------
